 Dungeon Crawl Stone Soup version 0.19.1 (webtiles) character file.

28 Kailar the Conjurer (level 2, 0/20 HPs)
             Began as a Draconian Conjurer on Nov 28, 2016.
             Succumbed to an adder's poison
             ... on level 1 of the Dungeon.
             The game lasted 00:11:36 (928 turns).

Kailar the Conjurer (Draconian Conjurer)             Turns: 928, Time: 00:11:37

Health: 0/20       AC:  4    Str:  9 (10) XL:     2   Next: 96%
Magic:  2/5        EV: 12    Int: 14 (15) God:
Gold:   50         SH:  0    Dex:  8 (11) Spells: 2 memorised, 2 levels left

rFire  . . .     SeeInvis .     e - +0 dagger
rCold  . . .     Gourm    .     (armour unavailable)
rNeg   . . .     Faith    +     (no shield)
rPois  .         Spirit   .     (helmet restricted)
rElec  .         Reflect  .     (no cloak)
rCorr  .         Harm     .     (no gloves)
MR     .....                    (no boots)
Stlth  ++........               d - amulet of faith
                                (no ring)
                                (no ring)

@: lethally poisoned (0 -> -6)
A: unfitting armour, cold-blooded, AC +4
a: no special abilities


You were on level 1 of the Dungeon.
You were not hungry.

You visited 1 branch of the dungeon, and saw 1 of its levels.

You collected 50 gold pieces.

Inventory:

Hand Weapons
 e - a +0 dagger (weapon)
Missiles
 j - 17 arrows
 m - 8 javelins (quivered)
Jewellery
 d - an amulet of faith (around neck)
Scrolls
 i - a scroll of enchant armour {unknown}
 k - a scroll of immolation {unknown}
 l - a scroll of identify {unknown}
Books
 a - a book of Conjurations

   Spells                             Type                      Level
   a - Magic Dart                     Conjuration                  1
   b - Searing Ray                    Conjuration                  2
   c - Dazzling Spray                 Conjuration/Hexes            3
   d - Fulminant Prism                Conjuration/Hexes            4
   e - Iskenderun's Mystic Blast      Conjuration                  4
   f - Iskenderun's Battlesphere      Conjuration/Charms           5
Comestibles
 b - a bread ration
 f - 4 fruits


   Skills:
 - Level 1.7 Dodging
 - Level 1.7 Stealth
 + Level 2.1 Spellcasting
 * Level 4.8 Conjurations


You had 2 spell levels left.
You knew the following spells:

 Your Spells              Type           Power        Failure   Level  Hunger
a - Magic Dart            Conj           ###.         3%          1    #......
b - Searing Ray           Conj           ###...       6%          2    ###....


Dungeon Overview and Level Annotations

Branches:
Dungeon (1/15)

Altars:


Innate Abilities, Weirdness & Mutations

Your plain brown scales are hard. (AC +4)
You cannot fit into any form of body armour.
You are cold-blooded and may be slowed by cold attacks.


Message History

The adder bites you but does no damage.
You miss the adder. You tail-slap the adder.
You kill the adder!
It was a potion of degeneration.
There was something very wrong with that liquid.
You feel weakened.
You feel dopey.
You feel clumsy.
* * * LOW HITPOINT WARNING * * *
You feel sick.
Okay, then.
You start eating the royal jelly.
You continue eating.
* * * LOW HITPOINT WARNING * * *
You feel sick.
You continue eating.
You finish eating.
That royal jelly was delicious!
You start eating the beef jerky.
That beef jerky was delicious!
* * * LOW HITPOINT WARNING * * *
You feel sick.
You die...

.####### #...#
#.#.##..#.#####.. ##
##.####.#.##..#.###.... #
########................>.#..
#
#......######.#..#.##.#######
# #.####.######.#..#.##.# #.#
#.......)........# #.#
###########.#.#### #.#
#########.#.# ####.####
#....@....#.## #.......#
#.######.....#
#.##§##.#.....# #......# #
#§##.#.....# ##.....#
.##.##.#.....# ##.####
#......§.#.....# #.#
#..§...§.#.....# #.#
#..##..#.####### #.#
#..#...#.# #.#


There were no monsters in sight!

Vanquished Creatures
  An adder (D:1)
  An ooze (D:1)
  2 goblins (D:1)
  4 hobgoblins (D:1)
  2 ball pythons (D:1)
  A frilled lizard (D:1)
  A kobold (D:1)
  4 rats (D:1)
16 creatures vanquished.

Notes
Turn   | Place    | Note
-------+----------+-------------------------------------------
     0 | D:1      | Kailar the Draconian Conjurer began the quest for the Orb.
     0 | D:1      | Reached XP level 1. HP: 14/14 MP: 3/3
   176 | D:1      | Reached XP level 2. HP: 17/20 MP: 0/5
   242 | D:1      | Learned a level 2 spell: Searing Ray
   920 | D:1      | HP: 1/20 [poisoned by an adder]
   928 | D:1      | Succumbed to an adder's poison

Action                   || total
-------------------------++-------
Melee: Dagger            ||    42
       Tailslap          ||     1
 Cast: Magic Dart        ||    17
       Searing Ray       ||     5
  Use: Scroll            ||     5
       Potion            ||     1
 Stab: Sleeping          ||     1
  Eat: Royal jelly       ||     1
       Beef jerky        ||     1
       Chunk             ||     1
Armor: Skin              ||    16
Dodge: Dodged            ||    29
